Map: [ESL] Data-C

Players

ByuN

  • Race: Terran Terran
  • Spawn Location: 9:00

Astrea - Winner!

  • Race: Protoss Protoss
  • League: Master
  • Spawn Location: 3:00

Event: HomeStory Cup XXII

VOD

Have the link to the VOD?

Description

Time

  • Played on: Dec. 18, 2022, 2:30 p.m.
  • Length: 19:24

All games in this series

Show
View Real Time Build Order
Export as new Build Order

ByuN Terran 

Build Orders:  

Get SALT Encoding   

  12  0:00  SCV  
  13  0:12  SCV  
  14  0:16  Supply Depot  
  14  0:24  SCV  
  15  0:38  SCV, Barracks  
  15  0:42  Refinery  
  16  0:50  SCV  
  17  1:02  SCV  
  18  1:14  SCV  
  19  1:25  Marine  
  19  1:27  Orbital Command  
  20  1:42  Command Center  
  20  1:52  Factory  
  20  1:56  SCV  
  21  2:02  Barracks Reactor  
  21  2:04  Refinery  
  21  2:08  SCV  
  22  2:14  Supply Depot  
  22  2:20  SCV  
  23  2:36  SCV, Hellion  
  26  2:38  Starport, Marine  
  26  2:40  Marine  
  28  2:48  SCV  
  29  2:55  Orbital Command  
  29  2:58  Factory Tech Lab  
  29  3:01  SCV  
  29  3:04  Marine x2  
  32  3:13  SCV  
  32  3:15  Medivac  
  35  3:23  Marine  
  35  3:24  Marine  
  37  3:29  SCV  
  37  3:30  SCV  
  37  3:34  Factory Tech Lab  
  37  3:38  Supply Depot  
  37  3:41  SCV, Marine  
  38  3:42  SCV, Marine  
  38  3:47  Barracks  
  41  3:51  Raven  
  41  3:54  SCV  
  41  3:55  SCV  
  45  3:59  Marine  
  45  4:00  Marine  
  45  4:01  Supply Depot  
  47  4:07  Siege Tank  
  51  4:10  SCV x2  
  52  4:17  Marine  
  52  4:18  Marine  
  52  4:23  SCV x2, Bunker  
  56  4:25  Refinery  
  56  4:33  Engineering Bay  
  56  4:35  SCV x2  
  60  4:40  Barracks  
  60  4:43  Marine  
  61  4:49  Supply Depot, Stimpack, Siege Tank  
  62  4:55  Supply Depot  
  62  5:05  Starport Reactor  
  62  5:11  SCV x2, Terran Infantry Weapons Level 1, Marine x3  
  65  5:23  SCV x2  
  65  5:27  Siege Tank  
  66  5:30  Marine x2  
  66  5:34  Marine  
  66  5:35  SCV x2  
  70  5:47  SCV x2  
  70  5:48  Refinery, Marine x2  
  70  5:49  Supply Depot  
  72  5:51  Marine  
  72  5:59  SCV x2  
  69  6:06  Marine x2  
  69  6:09  Factory Reactor  
  69  6:10  Marauder  
  72  6:11  SCV x2  
  72  6:13  Command Center  
  72  6:16  Medivac  
  72  6:17  Medivac  
  78  6:23  Supply Depot  
  78  6:25  Marine x2  
  80  6:29  Marauder, Combat Shield  
  80  6:30  Concussive Shells  
  80  6:31  Marauder  
  84  6:39  Barracks, SCV  
  85  6:40  Barracks, SCV  
  85  6:44  Marine x2  
  88  6:49  Supply Depot  
  88  6:50  Missile Turret  
  88  6:52  SCV  
  88  6:53  SCV  
  90  6:57  Marauder  
  90  6:58  Marauder  
  94  7:13  SCV x2  
  95  7:22  Supply Depot  
  95  7:23  Medivac, Marauder x2  
  95  7:24  Medivac  
  95  7:25  SCV x2  
  95  7:26  Marine x2  
  105  7:32  Barracks Reactor, Barracks Tech Lab  
  105  7:34  Terran Infantry Armor Level 1  
  102  7:37  SCV  
  102  7:38  SCV  
  104  7:49  SCV, Marauder x2, Marine x2  
  104  7:50  SCV  
  112  7:52  Marauder  
  112  7:54  Orbital Command  
  114  8:01  Medivac x2  
  114  8:02  SCV x2  
  120  8:07  Supply Depot  
  120  8:12  Marauder x2  
  123  8:14  SCV x2  
  126  8:20  SCV  
  126  8:26  SCV x2  
  123  8:29  Marauder  
  123  8:32  Medivac  
  123  8:33  Medivac  
  123  8:34  Widow Mine x2, Marine x2  
  115  8:36  Marauder  
  115  8:37  Marauder  
  115  8:48  Ghost Academy  
  115  8:50  Marauder  
  115  8:54  SCV x2  
  117  8:56  SCV  
  117  8:58  Marauder x2  
  103  9:02  Viking  
  103  9:03  Viking  
  103  9:06  SCV x2  
  103  9:07  Marine x2  
  103  9:08  Orbital Command  
  103  9:11  Widow Mine  
  103  9:12  Marauder  
  96  9:18  SCV x2, Marine  
  96  9:19  Marauder x2  
  96  9:20  Marine  
  95  9:30  Marine x2  
  95  9:33  Marauder  
  95  9:34  Viking x2  
  101  9:40  Marauder  
  101  9:43  Marauder  
  104  9:52  SCV  
  93  9:54  Marauder  
  93  9:57  SCV x2  
  89  10:04  Viking x2, SCV  
  94  10:07  Ghost  
  94  10:10  Ghost  
  97  10:15  SCV  
  97  10:18  SCV  
  97  10:21  SCV  
  89  10:22  Marauder  
  89  10:25  Orbital Command  
  89  10:27  SCV  
  75  10:29  Marine  
  75  10:30  SCV  
  77  10:36  Marauder, Marine x3  
  77  10:37  Medivac  
  77  10:40  Marauder  
  77  10:41  Medivac  
  88  10:43  SCV  
  88  10:45  SCV  
  88  10:46  Marauder  
  92  10:53  SCV  
  92  10:55  SCV, Marine  
  92  10:56  Marine x3  
  98  10:59  Enhanced Shockwaves  
  98  11:07  Marauder x2  
  98  11:08  Marauder  
  104  11:14  Marine x4  
  108  11:19  Medivac x2  
  108  11:21  Widow Mine  
  108  11:23  Widow Mine  
  108  11:25  SCV x2  
  118  11:27  SCV  
  118  11:28  Marauder  
  118  11:30  Marauder x2  
  125  11:35  Supply Depot  
  125  11:36  Supply Depot  
  124  11:49  Ghost  
  124  11:51  Ghost  
  124  11:54  Marine x2  
  128  12:02  Marauder, Marine x2  
  128  12:03  Viking  
  134  12:09  SCV x2  
  134  12:14  Marine  
  135  12:16  Marine  
  135  12:18  Marauder  
  135  12:20  Marauder, Marine  
  138  12:23  Marauder  
  138  12:28  SCV x2  
  134  12:30  Viking  
  134  12:34  SCV  
  137  12:38  Marine x3  
  137  12:39  Marauder, Marine  
  137  12:40  SCV  
  138  12:56  Marauder x2, Marine x3  
  131  13:00  Widow Mine x2  
  130  13:06  Liberator  
  130  13:07  Liberator  
  130  13:11  Marauder, Marine  
  137  13:17  Marauder x2  
  137  13:18  SCV  
  142  13:20  SCV  
  132  13:30  SCV x2  
  132  13:32  Marauder  
  132  13:33  Marine  
  133  13:43  Marauder x2  
  133  13:45  Marine  
  133  13:47  Marine  
  139  13:53  Widow Mine  
  139  13:54  Widow Mine  
  147  13:57  Ghost  
  147  13:58  Liberator  
  148  14:04  Liberator  
  148  14:05  Supply Depot  
  148  14:06  Marauder  
  153  14:16  Marine x2  
  153  14:17  Marine x2  
  146  14:30  Marauder x2  
  146  14:31  Marauder  
  142  14:36  Marine  
  142  14:37  Marine x2  
  138  14:42  SCV  
  138  14:45  SCV  
  137  14:46  SCV  
  134  15:04  SCV x2  
  134  15:05  Marauder  
  133  15:07  SCV  
  133  15:08  Marauder  
  133  15:09  Medivac, Marauder, Widow Mine x2  
  126  15:16  SCV  
  126  15:19  SCV, Marine  
  129  15:29  Marauder  
  129  15:30  Marauder  
  132  15:36  Widow Mine x2  
  123  15:43  Barracks Tech Lab x2  
  123  15:45  Marine  
  120  15:50  Marauder  
  120  15:51  Marine  
  120  15:52  Marauder  
  125  15:57  Widow Mine x2  
  125  16:03  Marauder, Marine  
  132  16:12  Marauder  
  132  16:14  Marauder, Marine  
  108  16:21  Marine  
  108  16:24  Marauder  
  101  16:32  Marine  
  102  16:33  Marine  
  100  16:41  Marine x2  
  100  16:42  Orbital Command  
  95  16:51  Marine  
  88  17:12  Marauder  
  88  17:14  Marine x2  
  84  17:16  Marine  
  84  17:21  Widow Mine  
  87  17:27  Ghost  
  89  17:32  Marine x2  
  89  17:36  Medivac  
  93  17:37  Medivac  
  93  17:41  Widow Mine  
  93  17:42  Widow Mine  
  101  17:44  Marauder x2  
  101  17:50  Refinery  
  103  17:51  Refinery  
  103  17:52  Marine x2  
  105  18:02  Widow Mine  
  107  18:07  Marine x3  
  110  18:14  Supply Depot  
  110  18:15  Marine x2  
  112  18:25  Marauder  
  114  18:32  Widow Mine x2  
  111  18:44  Marauder x2, Marine x2  
  111  18:46  Marine  
  108  19:02  Marine  
Show
View Real Time Build Order
Export as new Build Order

Astrea Protoss - Winner!

Build Orders: 1 Gate Expand, Blink Stalkers 

Get SALT Encoding   

  12  0:00  Probe  
  13  0:12  Probe  
  14  0:17  Pylon  
  14  0:24  Probe (Chrono Boost)  
  16  0:36  Probe (Chrono Boost)  
  16  0:38  Gateway  
  16  0:43  Probe (Chrono Boost)  
  16  0:47  Assimilator  
  17  0:51  Probe  
  18  1:03  Probe  
  19  1:15  Probe  
  20  1:24  Nexus  
  20  1:34  Cybernetics Core  
  20  1:37  Probe  
  21  1:44  Assimilator  
  21  1:50  Probe  
  21  1:52  Pylon  
  22  2:02  Probe (Chrono Boost)  
  23  2:08  Adept (Chrono Boost)  
  23  2:10  Warp Gate  
  23  2:13  Probe (Chrono Boost)  
  26  2:18  Probe (Chrono Boost)  
  27  2:23  Twilight Council  
  28  2:30  Probe (Chrono Boost)  
  28  2:31  Stalker  
  28  2:35  Probe (Chrono Boost)  
  33  2:45  Probe x2 (Chrono Boost)  
  33  2:52  Gateway, Probe  
  33  2:54  Probe  
  33  2:57  Blink (Chrono Boost)  
  35  3:04  Probe  
  36  3:07  Probe  
  37  3:17  Probe  
  37  3:19  Probe  
  39  3:20  Robotics Facility  
  39  3:27  Pylon  
  39  3:29  Probe  
  39  3:31  Probe  
  40  3:41  Probe  
  41  3:43  Probe  
  41  3:45  Gateway  
  41  3:46  Gateway  
  42  3:53  Probe  
  42  3:55  Probe  
  44  3:58  Stalker x2  
  48  4:02  Pylon  
  48  4:06  Warp Prism (Chrono Boost)  
  50  4:21  Stalker x2  
  54  4:30  Pylon  
  54  4:31  Probe x2  
  56  4:33  Observer (Chrono Boost)  
  56  4:36  Pylon  
  57  4:42  Stalker x2  
  61  4:48  Stalker x2  
  65  4:58  Nexus  
  65  5:06  Stalker x2  
  65  5:34  Stalker x3  
  72  5:35  Probe  
  72  5:36  Probe  
  69  5:47  Probe  
  69  5:48  Probe  
  67  6:00  Probe (Chrono Boost)  
  67  6:02  Observer, Probe (Chrono Boost)  
  69  6:09  Assimilator  
  69  6:10  Probe (Chrono Boost)  
  70  6:11  Observer, Assimilator  
  70  6:12  Robotics Bay, Probe (Chrono Boost)  
  70  6:14  Probe (Chrono Boost), Pylon  
  72  6:20  Probe x2 (Chrono Boost)  
  72  6:21  Probe (Chrono Boost)  
  72  6:25  Probe (Chrono Boost)  
  75  6:26  Probe  
  75  6:28  Probe  
  75  6:30  Gateway x2  
  75  6:31  Pylon  
  75  6:32  Charge, Observer  
  78  6:36  Probe  
  78  6:38  Probe  
  78  6:39  Stalker  
  82  6:40  Probe  
  82  6:43  Zealot x3  
  82  6:46  Pylon  
  89  6:48  Gateway, Probe  
  89  6:50  Gateway, Probe  
  89  6:53  Probe  
  92  6:55  Colossus (Chrono Boost)  
  92  7:01  Probe  
  99  7:11  Pylon  
  99  7:12  Zealot x4  
  99  7:14  Shield Battery  
  100  7:24  Extended Thermal Lance  
  100  7:26  Zealot, Sentry  
  100  7:28  Pylon  
  102  7:36  Zealot x4  
  110  7:39  Pylon  
  110  7:40  Pylon  
  110  7:41  Colossus (Chrono Boost)  
  116  7:45  Forge  
  116  7:50  Zealot x3  
  122  7:55  Zealot, Pylon  
  124  8:02  Zealot x4  
  132  8:11  Zealot x3  
  138  8:14  Pylon  
  138  8:15  Pylon  
  138  8:21  Warp Prism (Chrono Boost)  
  131  8:33  Zealot x5  
  115  8:41  Sentry x3  
  115  8:47  Colossus (Chrono Boost)  
  105  9:14  Stalker x8  
  97  9:30  Nexus  
  97  9:40  Zealot x6  
  97  9:41  Zealot x2  
  91  10:00  Sentry  
  91  10:01  Sentry x2, Stalker x4  
  91  10:03  Stalker  
  107  10:08  Protoss Ground Weapons Level 1 (Chrono Boost)  
  99  10:23  Probe x2  
  77  10:29  Colossus (Chrono Boost)  
  77  10:32  Zealot x8  
  97  10:36  Probe x2  
  99  10:43  Shield Battery, Probe  
  99  10:44  Probe  
  99  10:48  Probe  
  102  10:53  Sentry  
  102  10:54  Zealot x5  
  102  10:56  Zealot, Sentry  
  118  10:58  Probe x2  
  118  11:00  Probe x2  
  122  11:11  Observer (Chrono Boost)  
  122  11:17  Zealot x7  
  135  11:19  Zealot  
  135  11:20  Disruptor (Chrono Boost)  
  135  11:25  Probe  
  138  11:30  Pylon  
  138  11:31  Forge  
  141  11:40  Zealot  
  141  11:41  Zealot x6  
  141  11:45  Zealot  
  157  11:54  Disruptor (Chrono Boost)  
  152  12:01  Stalker x6  
  165  12:12  Zealot x2  
  166  12:17  Nexus  
  166  12:22  Disruptor (Chrono Boost)  
  151  12:36  Zealot x8  
  165  12:40  Pylon  
  165  12:44  Disruptor (Chrono Boost)  
  154  13:00  Zealot x8  
  170  13:08  Nexus  
  152  13:29  Protoss Ground Weapons Level 2 (Chrono Boost)  
  152  13:32  Zealot x8  
  152  13:33  Disruptor (Chrono Boost)  
  159  13:43  Protoss Ground Armor Level 1 (Chrono Boost)  
  159  13:49  Probe x4  
  163  13:57  Sentry, Stalker x4  
  171  14:06  Disruptor (Chrono Boost)  
  170  14:19  Zealot x3  
  174  14:27  Zealot x5  
  174  14:29  Disruptor  
  181  14:45  Zealot x3  
  183  14:50  Shield Battery  
  183  14:51  Photon Cannon  
  183  14:53  Assimilator  
  183  14:56  Assimilator  
  183  14:57  Stalker x5  
  132  15:18  Zealot  
  132  15:19  Zealot x2  
  132  15:20  Zealot x5  
  145  15:23  Disruptor  
  112  15:45  Zealot x8  
  128  15:51  Protoss Ground Weapons Level 3 (Chrono Boost)  
  128  15:57  Protoss Ground Armor Level 2 (Chrono Boost)  
  127  16:00  Nexus  
  127  16:18  Stalker x6  
  117  16:20  Disruptor (Chrono Boost)  
  117  16:25  Sentry x2  
  114  16:46  Pylon  
  104  17:07  Stalker x3  
  106  17:20  Stalker  
  106  17:21  Stalker x2  
  112  17:28  Disruptor (Chrono Boost)  
  112  17:29  Pylon  
  112  17:35  Pylon  
  112  17:36  Zealot x3  
  121  17:40  Dark Shrine  
  121  17:47  Nexus  
  121  17:53  Stalker x3  
  121  17:57  Shield Battery  
  125  18:14  Zealot x4  
  133  18:26  Observer (Chrono Boost)  
  134  18:30  Stalker  
  134  18:31  Stalker x2  
  134  18:59  Dark Templar  
  134  19:00  Zealot x6  
Tags
 
Composition
Blink Stalkers
League
Master
Matchup
PvT
Replay Pack
hsc22
Spawn Locations
Cross Positions
Add a new tag
Caveats
  • Supply blocks, unpowered buildings, or Contaminate may cause inaccurate times.
  • Supply counts are checked every 10 seconds.